 Dungeon Crawl Stone Soup version 0.28.0-1-gb440e238dd (webtiles) character file.

Game seed: 6621695115275947992

110 Bearnado the Chopper (level 4, -5/41 HPs)
             Began as a Minotaur Berserker on Feb 25, 2022.
             Was a Follower of Trog.
             Killed from afar by Sigmund (12 damage)
             ... with a puff of flame
             ... on level 2 of the Dungeon.
             The game lasted 00:05:07 (1692 turns).

Bearnado the Chopper (Minotaur Berserker)           Turns: 1692, Time: 00:05:08

Health: -5/41      AC:  2    Str: 23    XL:     4   Next: 61%
Magic:  3/3        EV: 12    Int:  4    God:    Trog [*.....]
Gold:   74         SH:  0    Dex: 10    Spells: 3/3 levels left

rFire   . . .      SeeInvis .   g - +0 trident
rCold   . . .      Faith    .   (no shield)
rNeg    . . .      Spirit   .   b - +0 animal skin
rPois   .          Reflect  .   (helmet restricted)
rElec   .          Harm     .   (no cloak)
rCorr   .          Rampage  .   (no gloves)
Will    .....                   (no boots)
Stlth   +.........              (no amulet)
HPRegen 0.13/turn               (no ring)
MPRegen 0.08/turn               (no ring)

@: on berserk cooldown, slowed, very slow
A: horns 2, retaliatory headbutt
a: Renounce Religion, Berserk


You were on level 2 of the Dungeon.
You worshipped Trog.
Trog was aware of your devotion.
You visited 1 branch of the dungeon, and saw 2 of its levels.

You collected 74 gold pieces.

Inventory:

Hand Weapons
 a - a +0 hand axe
 g - a +0 trident (weapon)
Missiles
 e - 40 arrows
 f - 14 bolts
 i - 3 boomerangs (quivered)
Armour
 b - a +0 animal skin (worn)
Scrolls
 d - 3 scrolls of identify {unknown}
 h - a scroll of blinking {unknown}
Potions
 c - a potion of lignification {unknown}


   Skills:
 + Level 4.8 Fighting
 + Level 5.1 Axes
 + Level 0.3(3.1) Polearms
 + Level 2.7 Armour
 + Level 2.7 Dodging
 + Level 0.1 Stealth


You had 3 spell levels left.
You didn't know any spells.
Your spell library was empty.

Dungeon Overview and Level Annotations

Branches:
Dungeon (2/15)

Altars:
Nemelex Xobeh

Annotations:
D:2 Sigmund


Innate Abilities, Weirdness & Mutations

You have a pair of horns on your head.
You reflexively headbutt those who attack you in melee.


Message History

Sigmund gestures wildly while chanting.
Sigmund flickers and vanishes!
Deactivating autopickup; reactivate with Ctrl-A.
A bat comes into view.
There is an open door here.
Unknown command.
A puff of flame appears from out of thin air!
The puff of flame hits you!
A red film seems to cover your vision as you go berserk!
You feel yourself moving faster!
You feel mighty!
You feel a strong urge to attack something.
There is an open door here.
You impale the adder!!
You kill the adder!
Trog accepts your kill. The bat misses you.
You puncture the ball python!
You kill the ball python!
Trog accepts your kill. The bat barely misses you.
You hear some strange, mumbled words.
Something tries to affect you, but you resist.
You reach to attack!
You hit the bat.
You kill the bat!
Trog accepts your kill. Something hits you! Something freezes you.
You are too injured to fight recklessly!
You feel a strong urge to attack something.
You see here a bat corpse.
You are no longer berserk.
You are exhausted.
You feel yourself slow down. Something hits you!
* * * LOW HITPOINT WARNING * * *
Something freezes you.
* * * LOW HITPOINT WARNING * * *
You hear some strange, mumbled words.
A puff of flame appears from out of thin air!
The puff of flame hits you!
You die...

##. ..## .... ..?...
..#.. ...... ####.#_#.
......####.....#..
............#.....
...............#
........@...###
#######....{...#
#.........##'#.#
######.........†..#.#
.................># #
##.............#.##
#.............#.####.#
#.............#......#
#...................##


There were no monsters in sight!

Vanquished Creatures
  Jessica (D:2)
  4 adders (D:2)
  2 dart slugs (D:1)
  4 ball pythons
  6 endoplasms (D:1)
  4 goblins
  7 hobgoblins
  4 jackals (D:1)
  2 kobolds
  A quokka (D:1)
  2 bats
  A frilled lizard (D:1)
  5 rats
43 creatures vanquished.

Notes
Turn   | Place    | Note
-------+----------+-------------------------------------------
     0 | D:1      | Bearnado the Minotaur Berserker began the quest for the
                  | Orb.
     0 | D:1      | Reached XP level 1. HP: 19/19 MP: 0/0
    52 | D:1      | Reached XP level 2. HP: 12/27 MP: 1/1
    54 | D:1      | Reached skill level 4 in Axes
    76 | D:1      | HP: 1/27 [goblin (2)]
   417 | D:1      | Reached XP level 3. HP: 28/33 MP: 2/2
  1498 | D:2      | Found a sparkling altar of Nemelex Xobeh.
  1516 | D:2      | Reached XP level 4. HP: 34/41 MP: 3/3
  1625 | D:2      | Noticed Jessica
  1629 | D:2      | Killed Jessica
  1630 | D:2      | Reached skill level 5 in Axes
  1672 | D:2      | Found a faded altar of an unknown god.
  1673 | D:2      | Noticed Sigmund
  1692 | D:2      | Killed from afar by Sigmund

Illustrated notes

Levels and vault maps discovered:
D:1:      minmay_arrival_four_circles, layout_loops_ring,
          minmay_misc_feat_tower, st_stairs_11
D:2:      layout_basic, chequers_ecumenical_altar_simple, basic_altar,
          glass_columns_a, uniq_sigmund, uniq_crazy_yiuf_cottage, uniq_jessica

Skill      XL: |  1  2  3  4 |
---------------+-------------+-----
Fighting       | 4 |  4.8
Axes           | 4 5 |  5.1
Polearms       | |  0.3
Armour         | |  2.7
Dodging        | |  2.7
Stealth        | |  0.1

Action                   |  1- 3 |  4- 6 || total
-------------------------+-------+-------++-------
Melee: Hand axe          |    47 |       ||    47
       Headbutt          |    14 |       ||    14
       Trident           |    23 |     9 ||    32
Invok: Berserk           |     2 |     2 ||     4
Armor: Animal skin       |     8 |       ||     8
Dodge: Dodged            |    42 |     5 ||    47
